 Dungeon Crawl Stone Soup version 0.31-a0-795-g5eb97db20b (webtiles) character file.

Game seed: 10701934572650958082

174 javelincjr the Magician (level 5, -1/34 (35) HPs)
             Began as a Demonspawn Hedge Wizard on Sept 18, 2023.
             Slain by Crazy Yiuf
             ... wielding a +3 quarterstaff of chaos
              (17 damage)
             ... on level 3 of the Dungeon.
             The game lasted 00:06:56 (2252 turns).

javelincjr the Magician (Demonspawn Hedge Wizard)   Turns: 2252, Time: 00:06:56

HP:   -1/34 (35)    AC:  2    Str: 10    XL:     5   Next: 28%
MP:   17/19         EV: 17    Int: 17    God:
Gold: 179           SH:  0    Dex: 13    Spells: 6/11 levels left

rFire   . . .        k - +6 dagger of Taina {freeze, rC+ rN+}
rCold   + . .        (no shield)
rNeg    + . .        b - +0 robe
rPois   .            c - +0 hat
rElec   .            (no cloak)
rCorr   .            (no gloves)
SInv    .            (no boots)
Will    .....        (no amulet)
Stlth   ++           e - ring of magical power
HPRegen 0.25/turn    n - +5 ring of evasion
MPRegen 0.16/turn

%: no passive effects
@: lightly drained
A: demonic guardian 2
a: no special abilities


You were on level 3 of the Dungeon.
You visited 1 branch of the dungeon, and saw 3 of its levels.

You collected 179 gold pieces.

Inventory:

Hand Weapons
 a - a +0 dagger
 k - the +6 dagger of Taina (weapon) {freeze, rC+ rN+}
   (You found it on level 2 of the Dungeon)

   rC+:       It protects you from cold.
   rN+:       It protects you from negative energy.
Armour
 b - a +0 robe (worn)
 c - a +0 hat (worn)
Jewellery
 e - a ring of magical power (left hand)
 n - a +5 ring of evasion (right hand)
Scrolls
 f - 2 scrolls of identify {unknown}
 l - a scroll of teleportation {unknown}
 m - a scroll of silence {unknown}
 q - a scroll of enchant armour {unknown}
 r - a scroll of fog {unknown}
Potions
 d - a potion of magic
 g - a potion of berserk rage {unknown}
 h - a potion of cancellation {unknown}
 i - a potion of resistance {unknown}
 j - a potion of might {unknown}
 o - a potion of heal wounds {unknown}
 p - a potion of enlightenment {unknown}


   Skills:
 + Level 1.0 Short Blades
 + Level 2.4 Dodging
 + Level 2.6 Stealth
 * Level 3.8 Spellcasting
 + Level 1.9 Conjurations
 + Level 2.0 Summonings
 + Level 1.8 Translocations


You had 6 spell levels left.
You knew the following spells:

 Your Spells              Type           Power      Damage    Failure   Level
a - Magic Dart            Conj           36%        1d4       8%          1
b - Call Imp              Summ           20%        N/A       11%         2
c - Blink                 Tloc           18%        N/A       12%         2

Your spell library contained the following spells:

 Spells                   Type           Power      Damage    Failure   Level
 Kiss of Death            Conj/Necr      24%        2d7       11%         1
 Slow                     Hex            12%        N/A       16%         1
 Cigotuvi's Dreadful Rot  Necr/Pois/Air  6%         N/A       24%         2
 Mephitic Cloud           Conj/Pois/Air  5%         N/A       36%         3
 Confusing Touch          Hex            3%         N/A       43%         3
 Dispel Undead            Necr           3%         3d7       85%         4


Dungeon Overview and Level Annotations

Branches:
Dungeon (3/15)

Altars:
Cheibriados
Trog
Wu Jian

Annotations:
D:3 Crazy Yiuf


Innate Abilities, Weirdness & Mutations

A demonic guardian rushes to your aid.


Message History

Your cerulean imp disappears in a puff of smoke!
q - a scroll labelled JAOKOQU LACVAT A goblin comes into view.
It is wielding a +0 club.
The goblin shouts!
You completely miss the goblin. The goblin hits you with a +0 club.
You puncture the goblin! You freeze the goblin.
You kill the goblin!
Your Summonings skill increases to level 2!
No target in view!
No target in view!
Things that are here:
a +0 club; a goblin corpse
r - a scroll labelled ONIZ FAUFE
Found two hammers.
Found a runed translucent door.
Crazy Yiuf shouts!
You see here a +0 hammer.
Found a hammer.
You swing at nothing.
Crazy Yiuf laughs, "Defame sing-song snail!"
Casting: Call Imp (safe; 11% risk of failure)
Confirm with . or Enter, or press ? or * to list all spells.
A tiny devil pulls itself out of the air.
Crazy Yiuf screams, "Proton arga return to song!"
Okay, then.
You open the door. You hit Crazy Yiuf. You freeze Crazy Yiuf.
Crazy Yiuf is heavily wounded.
Crazy Yiuf hits you with a +3 quarterstaff of chaos!
You partially resist.
You feel drained.
Your cerulean imp hits Crazy Yiuf from afar with a -3 spear.
You closely miss Crazy Yiuf.
Crazy Yiuf is heavily wounded.
Crazy Yiuf hits you with a +3 quarterstaff of chaos.
Crazy Yiuf freezes you.
A demonic guardian appears!
Your cerulean imp hits Crazy Yiuf but does no damage.
You hit Crazy Yiuf but do no damage.
Crazy Yiuf is heavily wounded.
Crazy Yiuf hits you with a +3 quarterstaff of chaos!
Ouch! That really hurt!
You die...

....#.#
#..#.#
###...#
#..### #
#.### #.##
###.# #.#
##### ..>.#
#.# #).)#
#.### #.#
#...# ....#
#.# ..4
....# #.#
#g# ....#
##.# ♣♣@♣
>...# #..#
♣5♣♣ ....#
#.## ♣♣.♣
##### #.#
♣.♣♣ #.#
♣♣.♣♣
########.#
♣..P♣♣
.....)...#
♣.P..♣
.##.####.#
#....# .##.#
#.#####+..+#


You could see Crazy Yiuf (ally target), a friendly hellwing (summoned) and a
friendly cerulean imp (summoned).

Vanquished Creatures
  A black bear (D:3)
  2 adders
  A worm (D:3)
  2 dart slugs (D:1)
  5 endoplasms
  3 giant cockroaches
  4 goblins
  2 hobgoblins
  3 jackals
  2 quokkas
  8 ball pythons
  4 kobolds
  3 rats
40 creatures vanquished.

Vanquished Creatures (collateral kills)
  A dart slug (D:1)
  An orc (D:3)
  A bat (D:1)
  2 endoplasms
  A goblin (D:1)
  A jackal (D:2)
  2 rats (D:1)
9 creatures vanquished.

Grand Total: 49 creatures vanquished

Notes
Turn   | Place    | Note
-------+----------+-------------------------------------------
     0 | D:1      | javelincjr the Demonspawn Hedge Wizard began the quest for
                  | the Orb.
     0 | D:1      | Reached XP level 1. HP: 13/13 MP: 4/4
    91 | D:1      | Reached skill level 1 in Translocations
   223 | D:1      | Gained mutation: A weak demonic guardian rushes to your
                  | aid. [demonic ancestry]
   223 | D:1      | Reached XP level 2. HP: 19/19 MP: 6/6
   708 | D:1      | Found a faded altar of an unknown god.
   782 | D:1      | Gained mutation: A demonic guardian rushes to your aid.
                  | [demonic ancestry]
   782 | D:1      | Reached XP level 3. HP: 23/24 MP: 7/7
  1147 | D:2      | Identified the +6 dagger of Taina {freeze, rC+ rN+}
  1533 | D:2      | Learned a level 2 spell: Call Imp
  1536 | D:2      | Learned a level 2 spell: Blink
  1558 | D:3      | Found an ornate altar of the Wu Jian Council.
  1617 | D:3      | Found a snail-covered altar of Cheibriados.
  1767 | D:3      | Found a bloodstained altar of Trog.
  1858 | D:3      | Noticed a black bear
  1885 | D:3      | Killed a black bear
  1886 | D:3      | Reached skill level 1 in Short Blades
  1886 | D:3      | Reached XP level 4. HP: 18/30 MP: 9/9
  1886 | D:3      | Reached XP level 5. HP: 21/35 MP: 10/10
  2243 | D:3      | Found a runed translucent door.
  2244 | D:3      | Noticed Crazy Yiuf
  2252 | D:3      | Slain by Crazy Yiuf

Illustrated notes

Levels and vault maps discovered:
D:1:      shiori_arrival_elements, layout_loops_ring,
          shapermc_ecumenical_altar_mp_vishouse, minmay_fountain_box,
          minmay_misc_feat_tower, due_unseen_surprise
D:2:      layout_basic
D:3:      layout_loops_cross, mainiacjoe_overflow_small_starburst,
          lemuel_crystal_altar, lemuel_tele_altar, minmay_misc_feat_x,
          uniq_crazy_yiuf_cottage

Skill      XL: |  1  2  3  4  5 |
---------------+----------------+-----
Translocations | 1 |  1.8
Stealth        | 2 |  2.6
Dodging        | 2 |  2.4
Short Blades   | 1 |  1.0
Summonings     | 2 |  2.0
Spellcasting   | |  3.8
Conjurations   | |  1.9

Action                     |  1- 3 |  4- 6 || total
---------------------------+-------+-------++-------
  Melee: Dagger            |   120 |    18 ||   138
         Punch             |     1 |       ||     1
   Cast: Magic Dart        |    14 |       ||    14
         Call Imp          |     3 |     4 ||     7
   Stab: Sleeping          |     5 |       ||     5
 Armour: Robe              |    63 |     8 ||    71
  Dodge: Dodged            |    70 |    10 ||    80

Table legend: (Time is in decaauts)
 A = Elapsed time spent in this place.
 B = Non-inter-level travel time spent in this place.
 C = Inter-level travel time spent in this place.
 D = Time resting spent in this place.
 E = Time spent auto-exploring this place.
 F = Levels seen in this place.
 G = Mean time per level.
                   A        B        C        D        E       F      G
               +--------+--------+--------+--------+--------+-----+--------+
         Total |   2248 |   2218 |     30 |      0 |   1824 |   3 |  749.3 |
       Dungeon |   2248 |   2218 |     30 |      0 |   1824 |   3 |  749.3 |
               +--------+--------+--------+--------+--------+-----+--------+

Top non-repeatable levels by time:
     D:1: 954 daAuts
     D:3: 702 daAuts
     D:2: 591 daAuts
